 Dungeon Crawl Stone Soup version 0.30-a0-651-g0755cc6dcf (webtiles) character file.

Game seed: 13189668751843912932

164 Oxelix the Trooper (level 5, -6/50 HPs)
             Began as a Minotaur Fighter on Jan 18, 2023.
             Was an Initiate of Okawaru.
             Mangled by Pikel
             ... wielding a +2 whip of freezing
              (9 damage)
             ... on level 4 of the Dungeon.
             The game lasted 00:04:38 (2705 turns).

Oxelix the Trooper (Minotaur Fighter)               Turns: 2705, Time: 00:04:38

Health: -6/50      AC:  4    Str: 29    XL:     5   Next: 21%
Magic:  4/4        EV: 10    Int:  5    God:    Okawaru [......]
Gold:   235        SH:  5    Dex: 16    Spells: 4/4 levels left

rFire   . . .      SeeInvis .    a - +0 war axe
rCold   . . .      Faith    .    c - +0 buckler
rNeg    . . .      Spirit   .    r - +1 leather armour of Free Expression {Drain Str+7 Dex+6}
rPois   .          Reflect  .    (helmet restricted)
rElec   .          Harm     .    (no cloak)
rCorr   .          Rampage  .    (no gloves)
Will    .....                    (no boots)
Stlth   +                        (no amulet)
HPRegen 0.28/turn                (no ring)
MPRegen 0.09/turn                (no ring)

@: no status effects
A: horns 2, retaliatory headbutt
a: Renounce Religion


You were on level 4 of the Dungeon.
You worshipped Okawaru.
Okawaru was noncommittal.
You visited 1 branch of the dungeon, and saw 4 of its levels.

You collected 235 gold pieces.

Inventory:

Hand Weapons
 a - a +0 war axe (weapon)
Missiles
 h - 5 poisoned darts (quivered)
 w - 2 javelins
Armour
 b - a +0 scale mail
 c - a +0 buckler (worn)
 r - the +1 leather armour of Free Expression (worn) {Drain Str+7 Dex+6}
   (You found it on level 2 of the Dungeon)

   Str:       It affects your strength (+7).
   Dex:       It affects your dexterity (+6).
   Drain:     It drains your maximum health when unequipped.
Jewellery
 m - an amulet of guardian spirit
 p - an amulet of faith
 t - a ring of protection from fire
Scrolls
 i - 2 scrolls of silence {unknown}
 k - 2 scrolls of poison {unknown}
 n - a scroll of magic mapping {unknown}
 o - 3 scrolls of teleportation {unknown}
 q - a scroll of fear {unknown}
 v - a scroll of torment {unknown}
Potions
 d - a potion of cancellation {unknown}
 e - 2 potions of berserk rage {unknown}
 f - 3 potions of heal wounds {unknown}
 g - 2 potions of flight {unknown}
 j - a potion of resistance {unknown}
 l - a potion of invisibility {unknown}
 s - a potion of might
 u - 2 potions of curing {unknown}


   Skills:
 + Level 5.7 Fighting
 + Level 4.9 Axes
 - Level 3.6 Armour
 - Level 3.6 Shields


You had 4 spell levels left.
You didn't know any spells.
Your spell library contained the following spells:

 Spells                   Type           Power      Damage    Failure   Level
 Sandblast                Erth           0%         2d4       61%         1
 Passwall                 Tmut/Erth      0%         N/A       75%         2
 Stone Arrow              Conj/Erth      0%         3d7       93%         3


Dungeon Overview and Level Annotations

Branches:
Dungeon (4/15)
 Temple: D:4-7

Altars:
Nemelex Xobeh
Okawaru
Yredelemnul

Annotations:
D:4 Pikel


Innate Abilities, Weirdness & Mutations

You have a pair of horns on your head.
You reflexively headbutt those who attack you in melee.


Message History

The hound is almost dead.
The hound completely misses you. The hound bites you.
You block the hound's attack.
The lemure shouts!
You slash the hound!
You kill the hound!
Okawaru accepts your kill.
You hear an angry hiss.
You have reached level 5!
You hit Pikel. You headbutt Pikel, but do no damage.
Pikel is lightly wounded.
Pikel hits you with a +2 whip of freezing.
Pikel freezes you. You block the lemure's attack.
You hit Pikel.
Pikel is moderately wounded.
You slash the lemure! The lemure closely misses you. Pikel barely misses you.
You slash Pikel!
Pikel is heavily wounded.
You closely miss the lemure. The lemure hits you but does no damage.
Pikel hits you with a +2 whip of freezing!
Pikel freezes you.
Okay, then.
You slash Pikel! You headbutt Pikel, but do no damage.
Pikel is severely wounded.
You barely miss the lemure. You block the lemure's attack.
Pikel closely misses you. The lemure closely misses you.
Pikel hits you with a +2 whip of freezing!
* * * LOW HITPOINT WARNING * * *
Pikel freezes you.
* * * LOW HITPOINT WARNING * * *
You hit Pikel.
Pikel is almost dead.
You barely miss the lemure. The lemure barely misses you.
You furiously retaliate!
You headbutt the lemure! Pikel closely misses you.
You hit Pikel but do no damage.
Pikel is almost dead.
You miss the lemure. The lemure hits you!
* * * LOW HITPOINT WARNING * * *
Pikel hits you with a +2 whip of freezing!
You die...

..######...........##
........#####.######
#######.........
##.......##
##.####..# #### #####
#..# # ##...##...##
####.##
#..........###....#
.<..........#K@####
............55##
.............5.#
#..................
##...#....#.........
####..###..........#
#.# #.#.....#### ...
.......## 5S#
#......##


You could see Pikel and 3 lemures.

Vanquished Creatures
  A hound (D:4)
  An iguana (D:4)
  Robin (D:2)
  3 worms
  2 dart slugs
  7 endoplasms
  7 giant cockroaches
  16 goblins
  10 hobgoblins
  8 jackals
  4 kobolds
  4 ball pythons
  4 bats
  A frilled lizard (D:1)
  2 rats (D:3)
71 creatures vanquished.

Notes
Turn   | Place    | Note
-------+----------+-------------------------------------------
     0 | D:1      | Oxelix the Minotaur Fighter began the quest for the Orb.
     0 | D:1      | Reached XP level 1. HP: 19/19 MP: 0/0
    52 | D:1      | Reached skill level 4 in Fighting
    52 | D:1      | Reached XP level 2. HP: 27/27 MP: 1/1
  1034 | D:2      | Noticed Robin
  1041 | D:2      | Reached XP level 3. HP: 18/34 MP: 2/2
  1045 | D:2      | Killed Robin
  1547 | D:2      | Identified the +1 leather armour of Free Expression {Drain
                  | Str+7 Dex+6}
  1606 | D:2      | Found a faded altar of an unknown god.
  1689 | D:2      | Reached XP level 4. HP: 37/41 MP: 3/3
  1693 | D:2      | Reached skill level 5 in Fighting
  1910 | D:3      | Found a sparkling altar of Nemelex Xobeh.
  2243 | D:3      | Found an iron altar of Okawaru.
  2243 | D:3      | Found a basalt altar of Yredelemnul.
  2248 | D:3      | Became a worshipper of Warmaster Okawaru
  2688 | D:4      | Noticed Pikel
  2688 | D:4      | Noticed a lemure
  2689 | D:4      | Noticed a lemure
  2689 | D:4      | Noticed a lemure
  2692 | D:4      | Noticed a lemure
  2699 | D:4      | Reached XP level 5. HP: 42/50 MP: 4/4
  2705 | D:4      | Mangled by Pikel

Illustrated notes

Levels and vault maps discovered:
D:1:      minmay_arrival_jagged, layout_loops_corners, st_stairs_9
D:2:      kennysheep_the_goblin_king, layout_basic,
          hellmonk_ecumenical_altar_pennies_from_heaven,
          dreamdust_princess_bridge, uniq_robin
D:3:      layout_loops_ring, nemelex_spade_bored_becter, jmf_multi_god_temple,
          kennysheep_cross_bottleneck, kennysheep_generic_room_6
D:4:      layout_rooms, kennysheep_little_box, uniq_pikel

Skill      XL: |  1  2  3  4 |
---------------+-------------+-----
Fighting       | 4 5 |  5.7
Axes           | 3 4 |  4.9
Armour         | |  3.6
Shields        | |  3.6

Action                   |  1- 3 |  4- 6 || total
-------------------------+-------+-------++-------
Melee: War axe           |    55 |    47 ||   102
       Headbutt          |     6 |    11 ||    17
Throw: Dart              |     4 |       ||     4
  Use: Potion            |     1 |       ||     1
 Stab: Sleeping          |       |     1 ||     1
Armor: Scale mail        |    32 |       ||    32
       Leather armour    |       |    15 ||    15
Dodge: Dodged            |    44 |    38 ||    82
Block: Buckler           |    14 |    19 ||    33

Table legend: (Time is in decaauts)
 A = Elapsed time spent in this place.
 B = Non-inter-level travel time spent in this place.
 C = Inter-level travel time spent in this place.
 D = Time resting spent in this place.
 E = Time spent auto-exploring this place.
 F = Levels seen in this place.
 G = Mean time per level.
                   A        B        C        D        E       F      G
               +--------+--------+--------+--------+--------+-----+--------+
         Total |   2742 |   2628 |    114 |     62 |   2063 |   4 |  685.5 |
       Dungeon |   2742 |   2628 |    114 |     62 |   2063 |   4 |  685.5 |
               +--------+--------+--------+--------+--------+-----+--------+

Top non-repeatable levels by time:
     D:1: 1009 daAuts
     D:2: 851 daAuts
     D:3: 822 daAuts
     D:4: 58 daAuts
